%YAML 1.1
%TAG !u! tag:unity3d.com,2011:
--- !u!1 &2672342398953703975
GameObject:
  m_ObjectHideFlags: 0
  m_CorrespondingSourceObject: {fileID: 0}
  m_PrefabInstance: {fileID: 0}
  m_PrefabAsset: {fileID: 0}
  serializedVersion: 6
  m_Component:
  - component: {fileID: 3479161539965155702}
  m_Layer: 0
  m_Name: Arrows
  m_TagString: Untagged
  m_Icon: {fileID: 0}
  m_NavMeshLayer: 0
  m_StaticEditorFlags: 0
  m_IsActive: 1
--- !u!4 &3479161539965155702
Transform:
  m_ObjectHideFlags: 0
  m_CorrespondingSourceObject: {fileID: 0}
  m_PrefabInstance: {fileID: 0}
  m_PrefabAsset: {fileID: 0}
  m_GameObject: {fileID: 2672342398953703975}
  m_LocalRotation: {x: -0, y: -0.0000045597553, z: -0, w: -1}
  m_LocalPosition: {x: 0, y: 0, z: 0}
  m_LocalScale: {x: 1, y: 1, z: 1}
  m_Children:
  - {fileID: 1517845040228511723}
  - {fileID: 257921862462906482}
  - {fileID: 6485674246474010220}
  - {fileID: 1360823903855987767}
  - {fileID: 1994088722656195905}
  m_Father: {fileID: 0}
  m_RootOrder: 0
  m_LocalEulerAnglesHint: {x: 0, y: 0, z: 0}
--- !u!1001 &4405970163781047617
PrefabInstance:
  m_ObjectHideFlags: 0
  serializedVersion: 2
  m_Modification:
    m_TransformParent: {fileID: 3479161539965155702}
    m_Modifications:
    - target: {fileID: 7432233340475284269, guid: bd3c26ea4141d4241ad82cdd6089d0d6,
        type: 3}
      propertyPath: m_LocalPosition.x
      value: -0.85999864
      objectReference: {fileID: 0}
    - target: {fileID: 7432233340475284269, guid: bd3c26ea4141d4241ad82cdd6089d0d6,
        type: 3}
      propertyPath: m_LocalPosition.y
      value: 0
      objectReference: {fileID: 0}
    - target: {fileID: 7432233340475284269, guid: bd3c26ea4141d4241ad82cdd6089d0d6,
        type: 3}
      propertyPath: m_LocalPosition.z
      value: -0.15000784
      objectReference: {fileID: 0}
    - target: {fileID: 7432233340475284269, guid: bd3c26ea4141d4241ad82cdd6089d0d6,
        type: 3}
      propertyPath: m_LocalRotation.x
      value: -0
      objectReference: {fileID: 0}
    - target: {fileID: 7432233340475284269, guid: bd3c26ea4141d4241ad82cdd6089d0d6,
        type: 3}
      propertyPath: m_LocalRotation.y
      value: 0.7071068
      objectReference: {fileID: 0}
    - target: {fileID: 7432233340475284269, guid: bd3c26ea4141d4241ad82cdd6089d0d6,
        type: 3}
      propertyPath: m_LocalRotation.z
      value: -0
      objectReference: {fileID: 0}
    - target: {fileID: 7432233340475284269, guid: bd3c26ea4141d4241ad82cdd6089d0d6,
        type: 3}
      propertyPath: m_LocalRotation.w
      value: 0.7071068
      objectReference: {fileID: 0}
    - target: {fileID: 7432233340475284269, guid: bd3c26ea4141d4241ad82cdd6089d0d6,
        type: 3}
      propertyPath: m_RootOrder
      value: 2
      objectReference: {fileID: 0}
    - target: {fileID: 7432233340475284269, guid: bd3c26ea4141d4241ad82cdd6089d0d6,
        type: 3}
      propertyPath: m_LocalEulerAnglesHint.x
      value: 0
      objectReference: {fileID: 0}
    - target: {fileID: 7432233340475284269, guid: bd3c26ea4141d4241ad82cdd6089d0d6,
        type: 3}
      propertyPath: m_LocalEulerAnglesHint.y
      value: 90
      objectReference: {fileID: 0}
    - target: {fileID: 7432233340475284269, guid: bd3c26ea4141d4241ad82cdd6089d0d6,
        type: 3}
      propertyPath: m_LocalEulerAnglesHint.z
      value: 0
      objectReference: {fileID: 0}
    - target: {fileID: 7432233340475284269, guid: bd3c26ea4141d4241ad82cdd6089d0d6,
        type: 3}
      propertyPath: m_LocalScale.x
      value: 3.0791857
      objectReference: {fileID: 0}
    - target: {fileID: 7432233340475284269, guid: bd3c26ea4141d4241ad82cdd6089d0d6,
        type: 3}
      propertyPath: m_LocalScale.y
      value: 3.079185
      objectReference: {fileID: 0}
    - target: {fileID: 7432233340475284269, guid: bd3c26ea4141d4241ad82cdd6089d0d6,
        type: 3}
      propertyPath: m_LocalScale.z
      value: 3.0791857
      objectReference: {fileID: 0}
    - target: {fileID: 7813543545463652759, guid: bd3c26ea4141d4241ad82cdd6089d0d6,
        type: 3}
      propertyPath: m_Name
      value: arrow (2)
      objectReference: {fileID: 0}
    m_RemovedComponents: []
  m_SourcePrefab: {fileID: 100100000, guid: bd3c26ea4141d4241ad82cdd6089d0d6, type: 3}
--- !u!4 &6485674246474010220 stripped
Transform:
  m_CorrespondingSourceObject: {fileID: 7432233340475284269, guid: bd3c26ea4141d4241ad82cdd6089d0d6,
    type: 3}
  m_PrefabInstance: {fileID: 4405970163781047617}
  m_PrefabAsset: {fileID: 0}
--- !u!1001 &7255521415870331743
PrefabInstance:
  m_ObjectHideFlags: 0
  serializedVersion: 2
  m_Modification:
    m_TransformParent: {fileID: 3479161539965155702}
    m_Modifications:
    - target: {fileID: 7432233340475284269, guid: bd3c26ea4141d4241ad82cdd6089d0d6,
        type: 3}
      propertyPath: m_LocalPosition.x
      value: 1.6400013
      objectReference: {fileID: 0}
    - target: {fileID: 7432233340475284269, guid: bd3c26ea4141d4241ad82cdd6089d0d6,
        type: 3}
      propertyPath: m_LocalPosition.y
      value: 0
      objectReference: {fileID: 0}
    - target: {fileID: 7432233340475284269, guid: bd3c26ea4141d4241ad82cdd6089d0d6,
        type: 3}
      propertyPath: m_LocalPosition.z
      value: -0.15
      objectReference: {fileID: 0}
    - target: {fileID: 7432233340475284269, guid: bd3c26ea4141d4241ad82cdd6089d0d6,
        type: 3}
      propertyPath: m_LocalRotation.x
      value: -0
      objectReference: {fileID: 0}
    - target: {fileID: 7432233340475284269, guid: bd3c26ea4141d4241ad82cdd6089d0d6,
        type: 3}
      propertyPath: m_LocalRotation.y
      value: 0.7071068
      objectReference: {fileID: 0}
    - target: {fileID: 7432233340475284269, guid: bd3c26ea4141d4241ad82cdd6089d0d6,
        type: 3}
      propertyPath: m_LocalRotation.z
      value: -0
      objectReference: {fileID: 0}
    - target: {fileID: 7432233340475284269, guid: bd3c26ea4141d4241ad82cdd6089d0d6,
        type: 3}
      propertyPath: m_LocalRotation.w
      value: 0.7071068
      objectReference: {fileID: 0}
    - target: {fileID: 7432233340475284269, guid: bd3c26ea4141d4241ad82cdd6089d0d6,
        type: 3}
      propertyPath: m_RootOrder
      value: 1
      objectReference: {fileID: 0}
    - target: {fileID: 7432233340475284269, guid: bd3c26ea4141d4241ad82cdd6089d0d6,
        type: 3}
      propertyPath: m_LocalEulerAnglesHint.x
      value: 0
      objectReference: {fileID: 0}
    - target: {fileID: 7432233340475284269, guid: bd3c26ea4141d4241ad82cdd6089d0d6,
        type: 3}
      propertyPath: m_LocalEulerAnglesHint.y
      value: 90
      objectReference: {fileID: 0}
    - target: {fileID: 7432233340475284269, guid: bd3c26ea4141d4241ad82cdd6089d0d6,
        type: 3}
      propertyPath: m_LocalEulerAnglesHint.z
      value: 0
      objectReference: {fileID: 0}
    - target: {fileID: 7432233340475284269, guid: bd3c26ea4141d4241ad82cdd6089d0d6,
        type: 3}
      propertyPath: m_LocalScale.x
      value: 3.0791857
      objectReference: {fileID: 0}
    - target: {fileID: 7432233340475284269, guid: bd3c26ea4141d4241ad82cdd6089d0d6,
        type: 3}
      propertyPath: m_LocalScale.y
      value: 3.079185
      objectReference: {fileID: 0}
    - target: {fileID: 7432233340475284269, guid: bd3c26ea4141d4241ad82cdd6089d0d6,
        type: 3}
      propertyPath: m_LocalScale.z
      value: 3.0791857
      objectReference: {fileID: 0}
    - target: {fileID: 7813543545463652759, guid: bd3c26ea4141d4241ad82cdd6089d0d6,
        type: 3}
      propertyPath: m_Name
      value: arrow (1)
      objectReference: {fileID: 0}
    m_RemovedComponents: []
  m_SourcePrefab: {fileID: 100100000, guid: bd3c26ea4141d4241ad82cdd6089d0d6, type: 3}
--- !u!4 &257921862462906482 stripped
Transform:
  m_CorrespondingSourceObject: {fileID: 7432233340475284269, guid: bd3c26ea4141d4241ad82cdd6089d0d6,
    type: 3}
  m_PrefabInstance: {fileID: 7255521415870331743}
  m_PrefabAsset: {fileID: 0}
--- !u!1001 &8229449662599312582
PrefabInstance:
  m_ObjectHideFlags: 0
  serializedVersion: 2
  m_Modification:
    m_TransformParent: {fileID: 3479161539965155702}
    m_Modifications:
    - target: {fileID: 7432233340475284269, guid: bd3c26ea4141d4241ad82cdd6089d0d6,
        type: 3}
      propertyPath: m_LocalPosition.x
      value: 4.1400013
      objectReference: {fileID: 0}
    - target: {fileID: 7432233340475284269, guid: bd3c26ea4141d4241ad82cdd6089d0d6,
        type: 3}
      propertyPath: m_LocalPosition.y
      value: 0
      objectReference: {fileID: 0}
    - target: {fileID: 7432233340475284269, guid: bd3c26ea4141d4241ad82cdd6089d0d6,
        type: 3}
      propertyPath: m_LocalPosition.z
      value: -0.15
      objectReference: {fileID: 0}
    - target: {fileID: 7432233340475284269, guid: bd3c26ea4141d4241ad82cdd6089d0d6,
        type: 3}
      propertyPath: m_LocalRotation.x
      value: -0
      objectReference: {fileID: 0}
    - target: {fileID: 7432233340475284269, guid: bd3c26ea4141d4241ad82cdd6089d0d6,
        type: 3}
      propertyPath: m_LocalRotation.y
      value: 0.7071068
      objectReference: {fileID: 0}
    - target: {fileID: 7432233340475284269, guid: bd3c26ea4141d4241ad82cdd6089d0d6,
        type: 3}
      propertyPath: m_LocalRotation.z
      value: -0
      objectReference: {fileID: 0}
    - target: {fileID: 7432233340475284269, guid: bd3c26ea4141d4241ad82cdd6089d0d6,
        type: 3}
      propertyPath: m_LocalRotation.w
      value: 0.7071068
      objectReference: {fileID: 0}
    - target: {fileID: 7432233340475284269, guid: bd3c26ea4141d4241ad82cdd6089d0d6,
        type: 3}
      propertyPath: m_RootOrder
      value: 0
      objectReference: {fileID: 0}
    - target: {fileID: 7432233340475284269, guid: bd3c26ea4141d4241ad82cdd6089d0d6,
        type: 3}
      propertyPath: m_LocalEulerAnglesHint.x
      value: 0
      objectReference: {fileID: 0}
    - target: {fileID: 7432233340475284269, guid: bd3c26ea4141d4241ad82cdd6089d0d6,
        type: 3}
      propertyPath: m_LocalEulerAnglesHint.y
      value: 90
      objectReference: {fileID: 0}
    - target: {fileID: 7432233340475284269, guid: bd3c26ea4141d4241ad82cdd6089d0d6,
        type: 3}
      propertyPath: m_LocalEulerAnglesHint.z
      value: 0
      objectReference: {fileID: 0}
    - target: {fileID: 7432233340475284269, guid: bd3c26ea4141d4241ad82cdd6089d0d6,
        type: 3}
      propertyPath: m_LocalScale.x
      value: 3.0791857
      objectReference: {fileID: 0}
    - target: {fileID: 7432233340475284269, guid: bd3c26ea4141d4241ad82cdd6089d0d6,
        type: 3}
      propertyPath: m_LocalScale.y
      value: 3.079185
      objectReference: {fileID: 0}
    - target: {fileID: 7432233340475284269, guid: bd3c26ea4141d4241ad82cdd6089d0d6,
        type: 3}
      propertyPath: m_LocalScale.z
      value: 3.0791857
      objectReference: {fileID: 0}
    - target: {fileID: 7813543545463652759, guid: bd3c26ea4141d4241ad82cdd6089d0d6,
        type: 3}
      propertyPath: m_Name
      value: arrow
      objectReference: {fileID: 0}
    m_RemovedComponents: []
  m_SourcePrefab: {fileID: 100100000, guid: bd3c26ea4141d4241ad82cdd6089d0d6, type: 3}
--- !u!4 &1517845040228511723 stripped
Transform:
  m_CorrespondingSourceObject: {fileID: 7432233340475284269, guid: bd3c26ea4141d4241ad82cdd6089d0d6,
    type: 3}
  m_PrefabInstance: {fileID: 8229449662599312582}
  m_PrefabAsset: {fileID: 0}
--- !u!1001 &8486478214844798746
PrefabInstance:
  m_ObjectHideFlags: 0
  serializedVersion: 2
  m_Modification:
    m_TransformParent: {fileID: 3479161539965155702}
    m_Modifications:
    - target: {fileID: 7432233340475284269, guid: bd3c26ea4141d4241ad82cdd6089d0d6,
        type: 3}
      propertyPath: m_LocalPosition.x
      value: -3.3599985
      objectReference: {fileID: 0}
    - target: {fileID: 7432233340475284269, guid: bd3c26ea4141d4241ad82cdd6089d0d6,
        type: 3}
      propertyPath: m_LocalPosition.y
      value: 0
      objectReference: {fileID: 0}
    - target: {fileID: 7432233340475284269, guid: bd3c26ea4141d4241ad82cdd6089d0d6,
        type: 3}
      propertyPath: m_LocalPosition.z
      value: -0.15
      objectReference: {fileID: 0}
    - target: {fileID: 7432233340475284269, guid: bd3c26ea4141d4241ad82cdd6089d0d6,
        type: 3}
      propertyPath: m_LocalRotation.x
      value: -0
      objectReference: {fileID: 0}
    - target: {fileID: 7432233340475284269, guid: bd3c26ea4141d4241ad82cdd6089d0d6,
        type: 3}
      propertyPath: m_LocalRotation.y
      value: 0.7071068
      objectReference: {fileID: 0}
    - target: {fileID: 7432233340475284269, guid: bd3c26ea4141d4241ad82cdd6089d0d6,
        type: 3}
      propertyPath: m_LocalRotation.z
      value: -0
      objectReference: {fileID: 0}
    - target: {fileID: 7432233340475284269, guid: bd3c26ea4141d4241ad82cdd6089d0d6,
        type: 3}
      propertyPath: m_LocalRotation.w
      value: 0.7071068
      objectReference: {fileID: 0}
    - target: {fileID: 7432233340475284269, guid: bd3c26ea4141d4241ad82cdd6089d0d6,
        type: 3}
      propertyPath: m_RootOrder
      value: 3
      objectReference: {fileID: 0}
    - target: {fileID: 7432233340475284269, guid: bd3c26ea4141d4241ad82cdd6089d0d6,
        type: 3}
      propertyPath: m_LocalEulerAnglesHint.x
      value: 0
      objectReference: {fileID: 0}
    - target: {fileID: 7432233340475284269, guid: bd3c26ea4141d4241ad82cdd6089d0d6,
        type: 3}
      propertyPath: m_LocalEulerAnglesHint.y
      value: 90
      objectReference: {fileID: 0}
    - target: {fileID: 7432233340475284269, guid: bd3c26ea4141d4241ad82cdd6089d0d6,
        type: 3}
      propertyPath: m_LocalEulerAnglesHint.z
      value: 0
      objectReference: {fileID: 0}
    - target: {fileID: 7432233340475284269, guid: bd3c26ea4141d4241ad82cdd6089d0d6,
        type: 3}
      propertyPath: m_LocalScale.x
      value: 3.0791857
      objectReference: {fileID: 0}
    - target: {fileID: 7432233340475284269, guid: bd3c26ea4141d4241ad82cdd6089d0d6,
        type: 3}
      propertyPath: m_LocalScale.y
      value: 3.079185
      objectReference: {fileID: 0}
    - target: {fileID: 7432233340475284269, guid: bd3c26ea4141d4241ad82cdd6089d0d6,
        type: 3}
      propertyPath: m_LocalScale.z
      value: 3.0791857
      objectReference: {fileID: 0}
    - target: {fileID: 7813543545463652759, guid: bd3c26ea4141d4241ad82cdd6089d0d6,
        type: 3}
      propertyPath: m_Name
      value: arrow (3)
      objectReference: {fileID: 0}
    m_RemovedComponents: []
  m_SourcePrefab: {fileID: 100100000, guid: bd3c26ea4141d4241ad82cdd6089d0d6, type: 3}
--- !u!4 &1360823903855987767 stripped
Transform:
  m_CorrespondingSourceObject: {fileID: 7432233340475284269, guid: bd3c26ea4141d4241ad82cdd6089d0d6,
    type: 3}
  m_PrefabInstance: {fileID: 8486478214844798746}
  m_PrefabAsset: {fileID: 0}
--- !u!1001 &8973692706229382764
PrefabInstance:
  m_ObjectHideFlags: 0
  serializedVersion: 2
  m_Modification:
    m_TransformParent: {fileID: 3479161539965155702}
    m_Modifications:
    - target: {fileID: 7432233340475284269, guid: bd3c26ea4141d4241ad82cdd6089d0d6,
        type: 3}
      propertyPath: m_LocalPosition.x
      value: -5.8599987
      objectReference: {fileID: 0}
    - target: {fileID: 7432233340475284269, guid: bd3c26ea4141d4241ad82cdd6089d0d6,
        type: 3}
      propertyPath: m_LocalPosition.y
      value: 0
      objectReference: {fileID: 0}
    - target: {fileID: 7432233340475284269, guid: bd3c26ea4141d4241ad82cdd6089d0d6,
        type: 3}
      propertyPath: m_LocalPosition.z
      value: -0.15
      objectReference: {fileID: 0}
    - target: {fileID: 7432233340475284269, guid: bd3c26ea4141d4241ad82cdd6089d0d6,
        type: 3}
      propertyPath: m_LocalRotation.x
      value: -0
      objectReference: {fileID: 0}
    - target: {fileID: 7432233340475284269, guid: bd3c26ea4141d4241ad82cdd6089d0d6,
        type: 3}
      propertyPath: m_LocalRotation.y
      value: 0.7071068
      objectReference: {fileID: 0}
    - target: {fileID: 7432233340475284269, guid: bd3c26ea4141d4241ad82cdd6089d0d6,
        type: 3}
      propertyPath: m_LocalRotation.z
      value: -0
      objectReference: {fileID: 0}
    - target: {fileID: 7432233340475284269, guid: bd3c26ea4141d4241ad82cdd6089d0d6,
        type: 3}
      propertyPath: m_LocalRotation.w
      value: 0.7071068
      objectReference: {fileID: 0}
    - target: {fileID: 7432233340475284269, guid: bd3c26ea4141d4241ad82cdd6089d0d6,
        type: 3}
      propertyPath: m_RootOrder
      value: 4
      objectReference: {fileID: 0}
    - target: {fileID: 7432233340475284269, guid: bd3c26ea4141d4241ad82cdd6089d0d6,
        type: 3}
      propertyPath: m_LocalEulerAnglesHint.x
      value: 0
      objectReference: {fileID: 0}
    - target: {fileID: 7432233340475284269, guid: bd3c26ea4141d4241ad82cdd6089d0d6,
        type: 3}
      propertyPath: m_LocalEulerAnglesHint.y
      value: 90
      objectReference: {fileID: 0}
    - target: {fileID: 7432233340475284269, guid: bd3c26ea4141d4241ad82cdd6089d0d6,
        type: 3}
      propertyPath: m_LocalEulerAnglesHint.z
      value: 0
      objectReference: {fileID: 0}
    - target: {fileID: 7432233340475284269, guid: bd3c26ea4141d4241ad82cdd6089d0d6,
        type: 3}
      propertyPath: m_LocalScale.x
      value: 3.0791857
      objectReference: {fileID: 0}
    - target: {fileID: 7432233340475284269, guid: bd3c26ea4141d4241ad82cdd6089d0d6,
        type: 3}
      propertyPath: m_LocalScale.y
      value: 3.079185
      objectReference: {fileID: 0}
    - target: {fileID: 7432233340475284269, guid: bd3c26ea4141d4241ad82cdd6089d0d6,
        type: 3}
      propertyPath: m_LocalScale.z
      value: 3.0791857
      objectReference: {fileID: 0}
    - target: {fileID: 7813543545463652759, guid: bd3c26ea4141d4241ad82cdd6089d0d6,
        type: 3}
      propertyPath: m_Name
      value: arrow (4)
      objectReference: {fileID: 0}
    m_RemovedComponents: []
  m_SourcePrefab: {fileID: 100100000, guid: bd3c26ea4141d4241ad82cdd6089d0d6, type: 3}
--- !u!4 &1994088722656195905 stripped
Transform:
  m_CorrespondingSourceObject: {fileID: 7432233340475284269, guid: bd3c26ea4141d4241ad82cdd6089d0d6,
    type: 3}
  m_PrefabInstance: {fileID: 8973692706229382764}
  m_PrefabAsset: {fileID: 0}
